| TOP OF THE 1ST |
|
Lakeland Pilots batting - Pitching for Pompano Beach Stingrays : RHP Julian Gonzalez
|
|
Pitching: RHP Julian Gonzalez
|
|
|
Batting: RHB Dave C Anderson
|
0-0: Ball 1-0: Called Strike 1-1: Ball 2-1: Ball 3-1: Base on Balls
|
|
Batting: RHB Vern Thomas
|
0-0: Ball 1-0: Ball 2-0: Called Strike 2-1: Called Strike 2-2: Ball 3-2: Fly out, F4 (Popup, 34, EV 73.1 MPH)
|
|
Batting: SHB Mike D Young
|
0-0: Ball 1-0: Called Strike Dave C Anderson steals 2nd base 1-1: Called Strike 1-2: Foul Ball, location: 2F 1-2: 2-RUN HOME RUN (Line Drive, 9D, EV 97.5 MPH), Distance : 384 ft
|
|
Batting: LHB Mike Laga
|
0-0: Ball 1-0: Ball 2-0: Foul Ball, location: 2F 2-1: Called Strike 2-2: Ball 3-2: Base on Balls
|
|
Batting: RHB Eugeniuo Cotes
|
0-0: Ball 1-0: Ball 2-0: Ball Wild Pitch! Mike Laga to second 3-0: Base on Balls
|
|
Batting: RHB Kevin McGann
|
0-0: Swinging Strike 0-1: Called Strike 0-2: Ball 1-2: Ball 2-2: Ball 3-2: Ground out 5-3 (Groundball, 5S, EV 73.8 MPH) Mike Laga to third Eugeniuo Cotes to second
|
|
Batting: RHB Juan Espino
|
0-0: Ground out 6-3 (Groundball, 6MD, EV 106.3 MPH)
|
| Top of the 1st over - 2 runs, 1 hit, 0 errors, 2 left on base; Lakeland 2 - Pompano Beach 0 |
| BOTTOM OF THE 1ST |
|
Pompano Beach Stingrays batting - Pitching for Lakeland Pilots : RHP David Morris
|
|
Pitching: RHP David Morris
|
|
|
Batting: RHB Jorge Villalobos
|
0-0: Ball 1-0: Fly out, F9 (Flyball, 9LS, EV 86.3 MPH)
|
|
Batting: SHB Gene Roof
|
0-0: Ground out 4-3 (Groundball, 34, EV 89.4 MPH)
|
|
Batting: LHB Arnold McCrary
|
0-0: Called Strike 0-1: Ball 1-1: Fly out, F8 (Line Drive, 8RM, EV 92.5 MPH)
|
| Bottom of the 1st over - 0 runs, 0 hits, 0 errors, 0 left on base; Lakeland 2 - Pompano Beach 0 |
| TOP OF THE 2ND |
|
Lakeland Pilots batting - Pitching for Pompano Beach Stingrays : RHP Julian Gonzalez
|
|
Batting: SHB Alphonso Eiland
|
0-0: Called Strike 0-1: Foul Ball, location: 2F 0-2: Ball 1-2: Foul Ball, location: 2F 1-2: Strikes out swinging
|
|
Batting: RHB Vernon Armstead
|
0-0: Foul Ball, location: 2F 0-1: Foul Ball, location: 2F 0-2: Ball 1-2: Foul Ball, location: 2F 1-2: Foul Ball, location: 2F 1-2: Ball 2-2: SINGLE (Flyball, 8RS, EV 86.9 MPH)
|
|
Batting: RHB Dave C Anderson
|
0-0: Called Strike 0-1: Swinging Strike 0-2: Ball 1-2: Strikes out swinging
|
|
Batting: RHB Vern Thomas
|
0-0: Ball Vernon Armstead is caught stealing 2nd base 2-4
|
| Top of the 2nd over - 0 runs, 1 hit, 0 errors, 0 left on base; Lakeland 2 - Pompano Beach 0 |
| BOTTOM OF THE 2ND |
|
Pompano Beach Stingrays batting - Pitching for Lakeland Pilots : RHP David Morris
|
|
Batting: RHB Mark Strucher
|
0-0: Ball 1-0: SINGLE (Groundball, 34D, EV 103.1 MPH)
|
|
Batting: SHB Juan Molina
|
0-0: Called Strike 0-1: Grounds into double play, 4-6-3 (Groundball, 4, EV 82.5 MPH)
|
|
Batting: LHB Steve Phillips
|
0-0: Swinging Strike 0-1: Ball 1-1: Ball 2-1: Ball 3-1: Swinging Strike 3-2: Base on Balls
|
|
Batting: SHB Maury Ornest
|
0-0: Ball 1-0: Swinging Strike 1-1: Ball 2-1: Swinging Strike 2-2: Fly out, F8 (Flyball, 8LS, EV 81.3 MPH)
|
| Bottom of the 2nd over - 0 runs, 1 hit, 0 errors, 1 left on base; Lakeland 2 - Pompano Beach 0 |
| TOP OF THE 3RD |
|
Lakeland Pilots batting - Pitching for Pompano Beach Stingrays : RHP Julian Gonzalez
|
|
Batting: RHB Vern Thomas
|
0-0: SINGLE (Flyball, 4D, EV 89.4 MPH)
|
|
Batting: SHB Mike D Young
|
0-0: Ball 1-0: Ball 2-0: Foul Ball, location: 2F 2-1: Ball 3-1: Base on Balls Vern Thomas to second
|
|
Batting: LHB Mike Laga
|
0-0: Foul Ball, location: 2F 0-1: Ball 1-1: Foul Ball, location: 2F 1-2: Strikes out swinging
|
|
Batting: RHB Eugeniuo Cotes
|
0-0: Ball 1-0: Grounds into double play, 5-4-3 (Groundball, 56S, EV 87.5 MPH)
|
| Top of the 3rd over - 0 runs, 1 hit, 0 errors, 1 left on base; Lakeland 2 - Pompano Beach 0 |
| BOTTOM OF THE 3RD |
|
Pompano Beach Stingrays batting - Pitching for Lakeland Pilots : RHP David Morris
|
|
Batting: RHB Whitney Harry
|
0-0: Ball 1-0: Fly out, F9 (Flyball, 9D, EV 71.3 MPH)
|
|
Batting: RHB William Waag
|
0-0: Bunt for hit to 25 - play at first, batter OUT! 5-3
|
|
Batting: RHB Jorge Villalobos
|
0-0: Foul Ball, location: 2F 0-1: Foul Ball, location: 2F 0-2: Ball 1-2: Ball 2-2: Ball 3-2: Base on Balls
|
|
Batting: SHB Gene Roof
|
0-0: Ball Wild Pitch! Jorge Villalobos to second 1-0: Ball 2-0: Ball 3-0: Called Strike 3-1: Base on Balls
|
|
Batting: LHB Arnold McCrary
|
0-0: Swinging Strike 0-1: Ball 1-1: Ball 2-1: Ball 3-1: Base on Balls Jorge Villalobos to third Gene Roof to second
|
|
Batting: RHB Mark Strucher
|
0-0: Called Strike 0-1: Foul Ball, location: 2F 0-2: Hit by Pitch Jorge Villalobos scores Gene Roof to third Arnold McCrary to second
|
|
Batting: SHB Juan Molina
|
0-0: Foul Ball, location: 2F 0-1: Fly out, F8 (Flyball, 8LXD, EV 103.8 MPH)
|
| Bottom of the 3rd over - 1 run, 0 hits, 0 errors, 3 left on base; Lakeland 2 - Pompano Beach 1 |
| TOP OF THE 4TH |
|
Lakeland Pilots batting - Pitching for Pompano Beach Stingrays : RHP Julian Gonzalez
|
|
Batting: RHB Kevin McGann
|
0-0: Fly out, F4 (Popup, 4MD, EV 66.9 MPH)
|
|
Batting: RHB Juan Espino
|
0-0: Ball 1-0: Ball 2-0: Ground out 6-3 (Groundball, 6, EV 90.0 MPH)
|
|
Batting: SHB Alphonso Eiland
|
0-0: Ball 1-0: Called Strike 1-1: Ball 2-1: Foul Ball, location: 2F 2-2: Ground out 6-3 (Groundball, 56, EV 103.8 MPH)
|
| Top of the 4th over - 0 runs, 0 hits, 0 errors, 0 left on base; Lakeland 2 - Pompano Beach 1 |
| BOTTOM OF THE 4TH |
|
Pompano Beach Stingrays batting - Pitching for Lakeland Pilots : RHP David Morris
|
|
Batting: LHB Steve Phillips
|
0-0: Ball 1-0: Called Strike 1-1: Ball 2-1: Foul Ball, location: 2F 2-2: Strikes out looking
|
|
Batting: SHB Maury Ornest
|
0-0: Ball 1-0: Ball 2-0: Ball 3-0: Called Strike 3-1: Called Strike 3-2: Fly out, F8 (Flyball, 78D, EV 91.9 MPH)
|
|
Batting: RHB Whitney Harry
|
0-0: Swinging Strike 0-1: Foul Ball, location: 2F 0-2: Strikes out swinging
|
| Bottom of the 4th over - 0 runs, 0 hits, 0 errors, 0 left on base; Lakeland 2 - Pompano Beach 1 |
| TOP OF THE 5TH |
|
Lakeland Pilots batting - Pitching for Pompano Beach Stingrays : RHP Julian Gonzalez
|
|
Batting: RHB Vernon Armstead
|
0-0: Ball 1-0: Foul Ball, location: 2F 1-1: Ball 2-1: Called Strike 2-2: Ball 3-2: Foul Ball, location: 2F 3-2: Strikes out swinging
|
|
Batting: RHB Dave C Anderson
|
0-0: Foul Ball, location: 2F 0-1: Foul Ball, location: 2F 0-2: DOUBLE (Line Drive, 9LD, EV 103.1 MPH)
|
|
Batting: RHB Vern Thomas
|
0-0: Fly out, F8 (Line Drive, 8RD, EV 110.0 MPH)
|
|
Batting: SHB Mike D Young
|
0-0: Ball 1-0: Foul Ball, location: 2F 1-1: Fly out, F8 (Line Drive, 8RM, EV 98.8 MPH)
|
| Top of the 5th over - 0 runs, 1 hit, 0 errors, 1 left on base; Lakeland 2 - Pompano Beach 1 |
| BOTTOM OF THE 5TH |
|
Pompano Beach Stingrays batting - Pitching for Lakeland Pilots : RHP David Morris
|
|
Batting: RHB William Waag
|
0-0: Foul Ball, location: 2F 0-1: Foul Ball, location: 2F 0-2: Ball 1-2: Fly out, F5 (Popup, 5F, EV 64.4 MPH)
|
|
Batting: RHB Jorge Villalobos
|
0-0: Ball 1-0: Called Strike 1-1: Ball 2-1: Ball 3-1: Foul Ball, location: 2F 3-2: Base on Balls
|
|
Batting: SHB Gene Roof
|
0-0: Called Strike 0-1: Ball 1-1: Ball 2-1: Ball 3-1: Foul Ball, location: 2F 3-2: Foul Ball, location: 2F 3-2: Base on Balls Jorge Villalobos to second
|
|
Batting: LHB Arnold McCrary
|
0-0: Called Strike 0-1: Called Strike 0-2: Ball 1-2: Fielders Choice at 2nd, 4-6 (Groundball, 4, EV 87.5 MPH) Jorge Villalobos to third
|
|
Batting: RHB Mark Strucher
|
0-0: Ball 1-0: Ball 2-0: Ball 3-0: Called Strike 3-1: DOUBLE (Line Drive, 89D, EV 107.5 MPH) Jorge Villalobos scores Arnold McCrary to third Runner from 3rd tries for Home, SAFE, throw by CF to trailing runner, SAFE at third!
|
|
Batting: SHB Juan Molina
|
0-0: SINGLE (Groundball, 6MD, EV 98.1 MPH) Mark Strucher scores
|
|
Batting: LHB Steve Phillips
|
0-0: Ball 1-0: Foul Ball, location: 2F 1-1: Ball 2-1: Ball 3-1: Swinging Strike 3-2: Foul Ball, location: 2F 3-2: Strikes out swinging
|
| Bottom of the 5th over - 3 runs, 2 hits, 0 errors, 1 left on base; Lakeland 2 - Pompano Beach 4 |
| TOP OF THE 6TH |
|
Lakeland Pilots batting - Pitching for Pompano Beach Stingrays : RHP Julian Gonzalez
|
|
Batting: LHB Mike Laga
|
0-0: Ball 1-0: SINGLE (Groundball, 4MD, EV 102.5 MPH)
|
|
Batting: RHB Eugeniuo Cotes
|
0-0: Ball 1-0: Swinging Strike 1-1: Called Strike 1-2: Strikes out swinging
|
|
Batting: RHB Kevin McGann
|
0-0: Swinging Strike 0-1: Ball 1-1: Called Strike 1-2: Ball 2-2: Ball 3-2: Base on Balls Mike Laga to second
|
|
Batting: RHB Juan Espino
|
0-0: Ball 1-0: Grounds into double play, 4-6-3 (Groundball, 4, EV 90.6 MPH)
|
| Top of the 6th over - 0 runs, 1 hit, 0 errors, 1 left on base; Lakeland 2 - Pompano Beach 4 |
| BOTTOM OF THE 6TH |
|
Pompano Beach Stingrays batting - Pitching for Lakeland Pilots : RHP David Morris
|
|
Batting: SHB Maury Ornest
|
0-0: Ball 1-0: Ball 2-0: Foul Ball, location: 2F 2-1: Foul Ball, location: 2F 2-2: Ball 3-2: Foul Ball, location: 2F 3-2: Foul Ball, location: 2F 3-2: Base on Balls
|
|
Batting: RHB Whitney Harry
|
0-0: Ball Maury Ornest steals 2nd base 1-0: Ball 2-0: DOUBLE (Line Drive, 9LM, EV 99.4 MPH) Maury Ornest scores
|
|
Batting: RHB William Waag
|
0-0: 2-RUN HOME RUN (Flyball, 7D, EV 99.4 MPH), Distance : 390 ft
|
|
Pitching: RHP Scott Patterson
|
|
|
Batting: RHB Jorge Villalobos
|
0-0: Ground out 6-3 (Groundball, 56, EV 88.1 MPH)
|
|
Batting: SHB Gene Roof
|
0-0: Called Strike 0-1: Ball 1-1: Foul Ball, location: 2F 1-2: Ball 2-2: Strikes out swinging
|
|
Batting: LHB Arnold McCrary
|
0-0: Foul Ball, location: 2F 0-1: Ball 1-1: Ground out U3 (Groundball, 3L, EV 78.8 MPH)
|
| Bottom of the 6th over - 3 runs, 2 hits, 0 errors, 0 left on base; Lakeland 2 - Pompano Beach 7 |
| TOP OF THE 7TH |
|
Lakeland Pilots batting - Pitching for Pompano Beach Stingrays : RHP Julian Gonzalez
|
|
Batting: SHB Alphonso Eiland
|
0-0: Called Strike 0-1: Ball 1-1: Ball 2-1: Foul Ball, location: 2F 2-2: Foul Ball, location: 2F 2-2: Strikes out swinging
|
|
Batting: RHB Vernon Armstead
|
0-0: Called Strike 0-1: Ball 1-1: Ball 2-1: Swinging Strike 2-2: Strikes out looking
|
|
Batting: RHB Dave C Anderson
|
0-0: Ball 1-0: Called Strike 1-1: Foul Ball, location: 2F 1-2: Ball 2-2: Foul Ball, location: 2F 2-2: Foul Ball, location: 2F 2-2: Fly out, F8 (Flyball, 8LD, EV 96.9 MPH)
|
| Top of the 7th over - 0 runs, 0 hits, 0 errors, 0 left on base; Lakeland 2 - Pompano Beach 7 |
| BOTTOM OF THE 7TH |
|
Pompano Beach Stingrays batting - Pitching for Lakeland Pilots : RHP Scott Patterson
|
|
Batting: RHB Mark Strucher
|
0-0: Called Strike 0-1: Ball 1-1: Swinging Strike 1-2: Foul Ball, location: 2F 1-2: Foul Ball, location: 2F 1-2: Strikes out swinging
|
|
Batting: SHB Juan Molina
|
0-0: Ball 1-0: Foul Ball, location: 2F 1-1: Ground out U3 (Groundball, 3, EV 106.3 MPH)
|
|
Batting: LHB Steve Phillips
|
0-0: Fly out, F9 (Flyball, 9, EV 78.8 MPH)
|
| Bottom of the 7th over - 0 runs, 0 hits, 0 errors, 0 left on base; Lakeland 2 - Pompano Beach 7 |
| TOP OF THE 8TH |
|
Lakeland Pilots batting - Pitching for Pompano Beach Stingrays : RHP Julian Gonzalez
|
|
Batting: RHB Vern Thomas
|
0-0: Ground out 4-3 (Groundball, 4S, EV 76.3 MPH)
|
|
Batting: SHB Mike D Young
|
0-0: Ball 1-0: Ball 2-0: Foul Ball, location: 2F 2-1: Foul Ball, location: 2F 2-2: Strikes out looking
|
|
Batting: LHB Mike Laga
|
0-0: Ball 1-0: Ball 2-0: SOLO HOME RUN (Flyball, 89XD, EV 95.0 MPH), Distance : 407 ft
|
|
Batting: RHB Eugeniuo Cotes
|
0-0: Ball 1-0: Foul Ball, location: 2F 1-1: SINGLE (Line Drive, 8LS, EV 106.9 MPH)
|
|
Batting: RHB Kevin McGann
|
0-0: Foul Ball, location: 2F 0-1: Foul Ball, location: 2F 0-2: Strikes out swinging
|
| Top of the 8th over - 1 run, 2 hits, 0 errors, 1 left on base; Lakeland 3 - Pompano Beach 7 |
| BOTTOM OF THE 8TH |
|
Pompano Beach Stingrays batting - Pitching for Lakeland Pilots : RHP Scott Patterson
|
|
Batting: SHB Maury Ornest
|
0-0: Fly out, F9 (Line Drive, 9, EV 107.5 MPH)
|
|
Batting: RHB Whitney Harry
|
0-0: Foul Ball, location: 2F 0-1: Ball 1-1: Ball 2-1: Ground out 5-3 (Groundball, 5S, EV 81.3 MPH)
|
|
Batting: RHB William Waag
|
0-0: Ball 1-0: Fly out, F8 (Line Drive, 8RD, EV 88.1 MPH)
|
| Bottom of the 8th over - 0 runs, 0 hits, 0 errors, 0 left on base; Lakeland 3 - Pompano Beach 7 |
| TOP OF THE 9TH |
|
Lakeland Pilots batting - Pitching for Pompano Beach Stingrays : RHP Julian Gonzalez
|
|
Batting: RHB Juan Espino
|
0-0: SINGLE (Line Drive, 89S, EV 105.6 MPH)
|
|
Batting: SHB Alphonso Eiland
|
0-0: Ball 1-0: Ball 2-0: Called Strike 2-1: DOUBLE (Line Drive, 78D, EV 111.9 MPH) Juan Espino to third
|
|
Batting: RHB Vernon Armstead
|
0-0: Ball 1-0: Swinging Strike 1-1: Foul Ball, location: 2F 1-2: Ball 2-2: Ball 3-2: Fly out, F8 (Flyball, 8RM, EV 88.8 MPH)
|
|
Batting: RHB Dave C Anderson
|
0-0: Ball Passed Ball! Juan Espino scores Alphonso Eiland to third 1-0: Foul Ball, location: 2F 1-1: Ball 2-1: Fly out, F8 (Line Drive, 8LD, EV 98.1 MPH) Runner from 3rd tags up, SCORES, no throw by CF
|
|
Batting: RHB Vern Thomas
|
0-0: Swinging Strike 0-1: Foul Ball, location: 2F 0-2: Ball 1-2: Fly out, F8 (Flyball, 8LD, EV 93.8 MPH)
|
| Top of the 9th over - 2 runs, 2 hits, 0 errors, 0 left on base; Lakeland 5 - Pompano Beach 7 |
|